 Dungeon Crawl Stone Soup version 0.31.0-11-ge490571c62 (webtiles) character file.

Game seed: 17145375806697744907

4765 SmSkdm the Fighter (level 10, -4/83 HPs)
             Began as a Formicid Fighter on Jan 23, 2024.
             Was a Follower of Makhleb.
             Slain by a fire elemental (11 damage)
             ... summoned by a deep elf pyromancer
             ... on level 9 of the Dungeon on Jan 30, 2024.
             The game lasted 00:18:00 (8820 turns).

SmSkdm the Fighter (Formicid Fighter)               Turns: 8820, Time: 00:18:01

Health: -4/83      AC: 14    Str: 28    XL:     10   Next: 75%
Magic:  13/13      EV:  6    Int:  7    God:    Makhleb [*.....]
Gold:   490        SH: 10    Dex: 19    Spells: 9/9 levels left

rFire   . . .        a - +0 war axe
rCold   . . .        g - +0 kite shield
rNeg    . . .        p - +0 plate armour
rPois   .            (helmet unavailable)
rElec   .            (no cloak)
rCorr   .            (no gloves)
SInv    +            (no boots)
Will    +....        (no amulet) Stlth
                     w - +6 ring of strength
HPRegen 0.33/turn    J - +4 ring of slaying
MPRegen 0.13/turn

%: no passive effects
@: mighty, on fire, attractive, glowing
A: permanent stasis, dig shafts and tunnels, antennae 3, four strong arms, agile
1, wild magic 1
a: Dig, Shaft Self, Renounce Religion


You were on level 9 of the Dungeon.
You worshipped Makhleb.
Makhleb was aware of your devotion.
You visited 2 branches of the dungeon, and saw 10 of its levels.

You collected 512 gold pieces.
You spent 22 gold pieces at shops.

Inventory:

Hand Weapons
 a - a +0 war axe (weapon)
 l - a +2 flail of holy wrath
 A - a +2 rapier of speed
Missiles
 h - 39 stones
 k - 3 throwing nets
 m - 9 poisoned darts (quivered)
 o - 3 atropa-tipped darts
Armour
 b - a +0 scale mail
 c - a +0 buckler
 g - a +0 kite shield (worn)
 p - a +0 plate armour (worn)
 D - a +0 cloak
 G - an orb of guile
Jewellery
 w - a +6 ring of strength (left hand)
 B - a ring of resist corrosion
 J - a +4 ring of slaying (right hand)
 L - an amulet of guardian spirit
Wands
 y - a wand of mindburst (20)
 C - a wand of roots (16)
 H - a wand of charming (13)
 I - a wand of flame (21)
Scrolls
 e - 2 scrolls of blinking {unknown}
 f - 4 scrolls of immolation {unknown}
 i - 2 scrolls of identify
 j - a scroll of enchant weapon {unknown}
 q - a scroll of torment {unknown}
 r - 3 scrolls of teleportation {unknown}
 t - 4 scrolls of vulnerability {unknown}
 u - 3 scrolls of noise {unknown}
 z - 2 scrolls of butterflies {unknown}
 F - 2 scrolls of enchant armour {unknown}
 O - a scroll of poison {unknown}
Potions
 d - 2 potions of might
 n - 2 potions of ambrosia {unknown}
 s - a potion of lignification {unknown}
 v - a potion of invisibility {unknown}
 x - 2 potions of curing {unknown}
 E - a potion of berserk rage {unknown}
 K - a potion of resistance {unknown}
 M - a potion of attraction
 N - 3 potions of brilliance
 P - 2 potions of enlightenment {unknown}
 Q - a potion of magic {unknown}


   Skills:
 + Level 9.1 Fighting
 + Level 7.9 Axes
 - Level 2.5 Throwing
 + Level 9.0 Armour
 - Level 4.6 Shields
 - Level 5.0 Invocations
 - Level 5.0 Evocations


You had 9 spell levels left.
You didn't know any spells.
Your spell library contained the following spells:

 Spells                   Type           Power      Damage    Failure   Level
 Magic Dart               Conj           0%         1d3       100%        1
 Cigotuvi's Dreadful Rot  Necr/Alch/Air  0%         N/A       100%        2
 Searing Ray              Conj           0%         2d4       100%        2
 Sublimation of Blood     Necr           0%         N/A       100%        2
 Animate Dead             Necr           0%         N/A       100%        4
 Fulminant Prism          Conj/Alch      0%         3d5       100%        4
 Borgnjor's Vile Clutch   Necr/Erth      0%         N/A       100%        5
 Death Channel            Necr           0%         N/A       100%        6
 Haunt                    Necr/Summ      0%         N/A       100%        7


Dungeon Overview and Level Annotations

Branches:
Dungeon (9/15)             Temple (1/1) D:5
   Lair: D:8-11         Orc: D:9-12

Altars:
Ashenzari
Cheibriados
Dithmenos
Elyvilon
Hepliaklqana
Kikubaaqudgha
Makhleb
Nemelex Xobeh
Okawaru
Qazlal
Ru
Sif Muna
Trog
Uskayaw
Vehumet
Wu Jian
Xom
Zin

Shops:
D:2 (   D:3 ?   D:7 *:

Annotations:
D:7 exclusion: 2 doors


Innate Abilities, Weirdness & Mutations

You cannot be hasted, slowed, berserked, paralysed or teleported.
You can dig through walls and to a lower floor.
You have a pair of large antennae on your head. (SInv)
Your four strong arms can wield two-handed weapons with a shield.
You are agile. (Dex +4, Str/Int -1)
Your spells are a little harder to cast, but a little more powerful.


Message History

The fire elemental is attracted toward you.
Unknown command.
Unknown command.
You slice the orc!!
You kill the orc!
Makhleb accepts your kill.
You hit the orc warrior.
You hear a shout! x3
The orc warrior hits you with a +0 mace.
The deep elf pyromancer gestures at you while chanting.
The bolt of fire hits you!!
Unknown command.
You slash the deep elf pyromancer!
The deep elf pyromancer is moderately wounded.
You slash the fire elemental! You closely miss the orc warrior.
The fire elemental hits you. The fire elemental burns you!
The orc warrior hits you with a +0 mace.
The deep elf pyromancer casts a spell at you.
The pyre arrow hits you.
You are covered in intense liquid fire!
The fire elemental hits you. The fire elemental burns you!
* * * LOW HITPOINT WARNING * * *
Unknown command.
Unknown command.
You feel much better. The liquid fire burns you!
You block the orc warrior's attack. The fire elemental hits you.
The fire elemental burns you!
You block the deep elf pyromancer's attack.
You slash the deep elf pyromancer!
The deep elf pyromancer is heavily wounded.
You closely miss the orc warrior. You slash the fire elemental!
The liquid fire burns you!
* * * LOW HITPOINT WARNING * * *
The fire elemental hits you. The fire elemental burns you!
* * * LOW HITPOINT WARNING * * *
You block the orc warrior's attack.
You block the deep elf pyromancer's attack.
The fire elemental hits you. The fire elemental burns you!
You die...

#..... ### .#.....
#.####.#..... .o#
####..#......... {{,..#
##.#.....# .####. ,=..
#........# #.. {.
#........######.. {
#{##..........##....
#.#@..............##
#oeoE..............#
#.°E.#............##
#........#.......)....##
#........<..............#
#>.......................
....<....................
#.....##....#####........
####.. .....# #........


You could see a deep elf pyromancer, 2 fire elementals, an orc warrior and an
orc priest.

Vanquished Creatures
  Pikel (D:4)
  Jeremiah (D:6)
  Sigmund (D:3)
  A wraith (D:9)
  A wyvern (D:8)
  Eustachio (D:4)
  3 yaks (D:9)
  2 steam dragons (D:9)
  Edmund (D:5)
  5 water moccasins
  An acid dragon (D:9)
  Duvessa (D:6)
  2 orc warriors
  An ice beast (D:5)
  A black bear (D:6)
  A sky beast (D:6)
  A lemure (D:4)
  2 phantoms (D:5)
  3 bullfrogs
  A kobold brigand (D:9)
  3 scorpions
  3 wights (D:8)
  Dowan (D:6)
  A jelly (D:7)
  3 hounds
  3 orc priests
  A bombardier beetle (D:4)
  A sleepcap (D:4)
  Ijyb (D:3)
  8 orc wizards
  Robin (D:3)
  9 adders
  2 shadow imps
  3 dart slugs
  2 ribbon worms (D:2)
  32 orcs
  11 ball pythons
  4 endoplasms
  5 giant cockroaches
  13 goblins
  12 hobgoblins
  4 kobolds
  2 quokkas (D:1)
  7 bats
  A frilled lizard (D:3)
  A rat (D:2)
165 creatures vanquished.

Notes
Turn   | Place    | Note
-------+----------+-------------------------------------------
     0 | D:1      | SmSkdm the Formicid Fighter began the quest for the Orb.
     0 | D:1      | Reached XP level 1. HP: 18/18 MP: 1/1
    13 | D:1      | Upgraded the game from 0.31.0-7-gf635a9b802 to
                  | 0.31.0-11-ge490571c62
    61 | D:1      | Reached XP level 2. HP: 24/24 MP: 2/2
   294 | D:1      | Reached XP level 3. HP: 29/29 MP: 3/3
   581 | D:2      | Found Poyqa's Weapon Emporium.
   611 | D:2      | Reached XP level 4. HP: 35/37 MP: 4/4
  1151 | D:3      | Reached skill level 1 in Throwing
  1155 | D:3      | Reached XP level 5. HP: 38/42 MP: 5/5
  1259 | D:3      | Noticed Robin
  1269 | D:3      | Killed Robin
  1353 | D:3      | Noticed Sigmund
  1367 | D:3      | Gained mutation: Your spells are a little harder to cast,
                  | but a little more powerful. [potion of mutation]
  1367 | D:3      | Gained mutation: You are agile. (Dex +4, Str/Int -1)
                  | [potion of mutation]
  1369 | D:3      | Killed Sigmund
  1370 | D:3      | Reached XP level 6. HP: 28/50 MP: 6/6
  1629 | D:3      | Found a hazy altar of Hepliaklqana.
  1634 | D:3      | Reached XP level 7. HP: 54/55 MP: 7/7
  1704 | D:3      | Got the Enchiridion on Resurrection and Summoning
  1880 | D:3      | Found Kapar's Magic Scroll Shop.
  1888 | D:3      | Bought a scroll of identify for 22 gold pieces
  2012 | D:3      | Reached skill level 5 in Fighting
  2111 | D:3      | Noticed Ijyb
  2123 | D:3      | Killed Ijyb
  2288 | D:4      | Noticed Pikel
  2319 | D:4      | Killed Pikel
  2320 | D:4      | Reached skill level 5 in Armour
  2320 | D:4      | Reached XP level 8. HP: 46/64 MP: 8/8
  2390 | D:4      | Found a broken altar of Ashenzari.
  2669 | D:4      | Noticed Eustachio
  2690 | D:4      | Killed Eustachio
  2691 | D:4      | Reached skill level 5 in Axes
  2766 | D:4      | Found a burning altar of Makhleb.
  3486 | D:5      | Entered Level 5 of the Dungeon
  3752 | D:4      | Became a worshipper of Makhleb the Destroyer
  3862 | D:5      | Noticed Edmund
  3873 | D:5      | Reached XP level 9. HP: 29/71 MP: 9/9
  3878 | D:5      | Killed Edmund
  4039 | D:5      | Found a staircase to the Ecumenical Temple.
  4200 | D:5      | Found a shadowy altar of Dithmenos.
  4352 | D:5      | Found a sacrificial altar of Ru.
  4486 | Temple   | Entered the Ecumenical Temple
  4854 | D:6      | Reached skill level 5 in Evocations
  5111 | D:6      | Noticed Jeremiah
  5144 | D:6      | Killed Jeremiah
  5145 | D:6      | Reached skill level 1 in Invocations
  5646 | D:6      | Noticed Duvessa
  5646 | D:6      | Noticed Dowan
  5655 | D:6      | Killed Duvessa
  5662 | D:6      | Killed Dowan
  6179 | D:7      | Reached XP level 10. HP: 80/80 MP: 12/12
  6375 | D:7      | Found a stormy altar of Qazlal.
  6419 | D:7      | Found a hide-covered altar of Uskayaw.
  6498 | D:7      | Reached * piety under Makhleb
  6763 | D:7      | Found Kucredgh's Serpentskin Sales.
  6775 | D:7      | Found Juluistro's Book Boutique.
  8567 | D:9      | Reached skill level 5 in Invocations
  8806 | D:9      | Noticed a deep elf pyromancer
  8820 | D:9      | Slain by a fire elemental

Illustrated notes

Levels and vault maps discovered:
D:1:      orjb1_lava_funnel, layout_rooms
D:2:      layout_loops_ring, serial_shops, nicolae_shop_bloodbath_and_beyond,
          chequers_arboretum, minmay_misc_feat_nine_boxes, chequers_jeans,
          kennysheep_generic_room_2
D:3:      layout_loops_ring, nicolae_hepliaklqana_hazy_memory, serial_shops,
          shop, uniq_sigmund, uniq_ijyb, uniq_robin
D:4:      layout_basic, lemuel_tele_altar, bloody_makhleb,
          kennysheep_generic_room_13, uniq_pikel, uniq_eustachio
D:5:      layout_basic, nicolae_overflow_hidden_temple, grunt_dithmenos_shadows,
          minmay_temple_entry_antechambers, uniq_edmund
D:6:      layout_basic, minmay_misc_feat_roman, uniq_jeremiah, uniq_duvessa
D:7:      layout_cave_pools, mainiacjoe_overflow_alcove_2, grunt_qazlal_clouds,
          serial_shops, nicolae_lakefront_shop, guppyfry_shop_venom
D:8:      layout_basic, minmay_misc_feat_x
D:9:      nzn_winding_woodlands_large [nzn_winding_woodlands_5x5_perimeter,
          nzn_winding_woodlands_5x15_crooked, nzn_winding_woodlands_hourglass,
          nzn_winding_woodlands_center_diamonds,
          nzn_winding_woodlands_15x15_killbox,
          nzn_winding_woodlands_center_lodge,
          nzn_winding_woodlands_5x5_open_star,
          nzn_winding_woodlands_5x15_concentric,
          nzn_winding_woodlands_5x5_checkerboard], layout_cave_pools, tso_altar,
          david_orc_4
Temple:   chequers_temple_sunken

Skill      XL: |  1  2  3  4  5  6  7  8  9 10 |
---------------+-------------------------------+-----
Fighting       | 4 5 6 7 9 |  9.1
Armour         | 4 5 6 7 9 |  9.0
Throwing       | 1 2 |  2.5
Axes           | 3 4 5 6 7 |  7.9
Evocations     | 2 4 5 |  5.0
Invocations    | 2 5 |  5.0
Shields        | |  4.6

Action                     |  1- 3 |  4- 6 |  7- 9 | 10-12 || total
---------------------------+-------+-------+-------+-------++-------
  Melee: War axe           |    66 |   103 |   268 |   170 ||   607
  Throw: Dart              |       |       |     2 |       ||     2
  Evoke: Wand              |       |       |       |     4 ||     4
    Use: Potion            |       |     2 |     5 |     3 ||    10
         Scroll            |       |       |       |     2 ||     2
 Armour: Scale mail        |    29 |       |       |       ||    29
         Plate armour      |    17 |    88 |   236 |   151 ||   492
  Dodge: Dodged            |    38 |    25 |    57 |    31 ||   151
  Block: Buckler           |    27 |    28 |     3 |       ||    58
         Kite shield       |       |       |   139 |    91 ||   230
